 Dungeon Crawl Stone Soup version 0.30-a0-591-g3c58d2bc28 (webtiles) character file.

Game seed: 8768071884063442606

2689353 freelancePsychic the Acrobat (level 27, 228/228 HPs)
             Began as a Demonspawn Hunter on Jan 3, 2023.
             Was the Champion of Dithmenos.
             Escaped with the Orb
             ... and 4 runes on Jan 4, 2023!
             The game lasted 02:33:27 (57768 turns).

freelancePsychic the Acrobat (Demonspawn Hunter)   Turns: 57768, Time: 02:33:28

Health: 228/228    AC: 14    Str: 22    XL:     27
Magic:  31/31      EV: 42    Int: 10    God:    Dithmenos [******]
Gold:   4791       SH: 27    Dex: 33    Spells: 24/26 levels left

rFire   + + +      SeeInvis +    a - +9 hand crossbow (heavy)
rCold   + . .      Faith    .    X - +4 kite shield {rPois}
rNeg    + + .      Spirit   +    B - +4 moon troll leather armour {Spirit, Regen++ MP+5}
rPois   +          Reflect  +    (helmet unavailable)
rElec   +          Harm     .    m - +2 cloak
rCorr   +          Rampage  .    (gloves unavailable)
Will    +++..                    (boots unavailable)
Stlth   +++                      i - amulet "Plog" {Reflect rElec Str+4 SH+5 SInv}
HPRegen 2.18/turn                N - ring of the Will of the Gods {Drain rF+++ rN++ rCorr MP-9}
MPRegen 0.44/turn                V - ring "Icag Deo" {rC+ rCorr Dex+6 Slay-3 SInv}

@: hasted, wreathed by umbra, very quick
A: claws 3, hooves 3, horns 3, hurl damnation, powered by pain 3, torment
resistance 1, magic shield, magic regeneration, magic link, demonic willpower,
deterioration 1, poison resistance, strong 1
0: Orb of Zot
}: 4/15 runes: barnacled, silver, abyssal, gossamer
a: Hurl Damnation, Renounce Religion, Shadow Step, Shadow Form


You escaped.
You worshipped Dithmenos.
Dithmenos was exalted by your worship.
You visited 10 branches of the dungeon, and saw 50 of its levels.
You visited the Abyss 1 time.
You visited 1 bazaar.
You also visited: Sewer, Bailey, Ice Cave and Wizlab.

You collected 8914 gold pieces.
You spent 4123 gold pieces at shops.

Inventory:

Hand Weapons
 a - a +9 heavy hand crossbow (weapon)
Missiles
 C - 9 throwing nets
Armour
 e - the +6 tower shield of Recklessness {rCorr Str+4 Int+2 Dex+2}
   (You took it off Louise on level 4 of the Depths)

   Str:       It affects your strength (+4).
   Int:       It affects your intelligence (+2).
   Dex:       It affects your dexterity (+2).
   rCorr:     It protects you from acid and corrosion.
 m - a +2 cloak (worn)
 B - the +4 moon troll leather armour (worn) {Spirit, Regen++ MP+5}
   (You took it off a moon troll in a wizard's laboratory)

   MP:        It affects your magic capacity (+5).
   Regen:     It increases your rate of health regeneration.
 X - a +4 kite shield of poison resistance (worn)
Jewellery
 i - the amulet "Plog" (around neck) {Reflect rElec Str+4 SH+5 SInv}
   (You took it off a deep elf high priest on level 3 of the Elven Halls)

   [amulet of reflection]

   It reflects blocked missile attacks.
   Str:       It affects your strength (+4).
   rElec:     It insulates you from electricity.
   SInv:      It lets you see invisible.
   SH:        It affects your SH (+5).
 N - the ring of the Will of the Gods (left claw) {Drain rF+++ rN++ rCorr MP-9}
   (You took it off a deep elf high priest on level 3 of the Elven Halls)

   [ring of resist corrosion]

   rF:        It renders you almost immune to fire.
   rN:        It greatly protects you from negative energy.
   MP:        It affects your magic capacity (-9).
   rCorr:     It protects you from acid and corrosion.
   Drain:     It drains your maximum health when unequipped.
 O - the ring "Qonyqek" {rN+ Will+ MP+9 Slay+4}
   (You bought it in a shop on level 2 of the Orcish Mines)

   [ring of slaying]

   Slay:      It affects your accuracy & damage with ranged weapons and melee
   (+4).
   rN:        It protects you from negative energy.
   MP:        It affects your magic capacity (+9).
   Will:      It increases your willpower.
 P - a ring of flight
 V - the ring "Icag Deo" (right claw) {rC+ rCorr Dex+6 Slay-3 SInv}
   (You found it in a wizard's laboratory)

   [ring of dexterity]

   Dex:       It affects your dexterity (+6).
   Slay:      It affects your accuracy & damage with ranged weapons and melee
   (-3).
   rC:        It protects you from cold.
   SInv:      It lets you see invisible.
   rCorr:     It protects you from acid and corrosion.
Wands
 f - a wand of flame (67)
 l - a wand of digging (13)
 w - a wand of polymorph (27)
 A - a wand of light (9)
 G - a wand of paralysis (41)
 Y - a wand of iceblast (15)
 Z - a wand of mindburst (16)
Scrolls
 g - 6 scrolls of poison
 h - 6 scrolls of vulnerability
 k - 25 scrolls of teleportation {@r4}
 n - 12 scrolls of immolation
 q - 7 scrolls of silence
 r - 4 scrolls of fear
 z - 2 scrolls of enchant armour
 H - 4 scrolls of brand weapon
 K - 5 scrolls of amnesia
 L - 3 scrolls of fog
 M - 28 scrolls of identify {@r1}
 Q - 2 scrolls of magic mapping
Potions
 c - 6 potions of magic
 d - 11 potions of degeneration
 j - 11 potions of attraction
 s - 12 potions of might
 t - a potion of haste {@q3}
 u - 10 potions of brilliance
 v - 5 potions of flight
 x - 9 potions of resistance
 E - 8 potions of berserk rage
 F - 25 potions of curing {@q1}
 I - 12 potions of mutation
 J - 6 potions of cancellation
 S - 3 potions of heal wounds {@q2}
 T - 8 potions of lignification
 U - 9 potions of ambrosia
Miscellaneous
 o - a box of beasts (inert)
 p - a phial of floods
 y - a lightning rod (4/4)
 D - a phantom mirror (inert)
 R - a condenser vane
 W - a tin of tremorstones (2/2)


   Skills:
 + Level 21.1 Fighting
 - Level 20.5 Ranged Weapons
 - Level 14.1 Armour
 * Level 25.2 Dodging
 - Level 9.2 Stealth
 - Level 16.1 Shields
 - Level 8.7 Transmutations
 + Level 16.4 Invocations
 - Level 10.4 Evocations


You had 24 spell levels left.
You knew the following spells:

 Your Spells              Type           Power      Damage    Failure   Level
a - Wereblood             Tmut           17%        N/A       3%          2

Your spell library contained the following spells:

 Spells                   Type           Power      Damage    Failure   Level
 Sting                    Tmut/Pois      32%        1d4       12%         1
 Passwall                 Tmut/Erth      6%         N/A       19%         2
 Ignite Poison            Fire/Tmut/Pois 5%         N/A       54%         3
 Apportation              Tloc           0%         N/A       56%         1
 Foxfire                  Conj/Fire      0%         2x1d4     56%         1
 Freeze                   Ice            0%         1d3       56%         1
 Necrotise                Necr           0%         1d4       56%         1
 Sandblast                Erth           0%         2d4       56%         1
 Shock                    Conj/Air       0%         1d3       56%         1
 Slow                     Hex            0%         N/A       56%         1
 Summon Small Mammal      Summ           0%         N/A       56%         1
 Cigotuvi's Dreadful Rot  Necr/Pois/Air  0%         N/A       71%         2
 Poisonous Vapours        Pois/Air       0%         N/A       71%         2
 Scorch                   Fire           0%         2d5       71%         2
 Static Discharge         Conj/Air       0%         2-2/arc   71%         2
 Sublimation of Blood     Necr           0%         N/A       71%         2
 Ice Form                 Ice/Tmut       8%         N/A       75%         4
 Call Canine Familiar     Summ           0%         N/A       91%         3
 Confusing Touch          Hex            0%         N/A       91%         3
 Dazzling Flash           Conj/Hex       0%         N/A       91%         3
 Frozen Ramparts          Ice            0%         1d1       91%         3
 Hailstorm                Conj/Ice       0%         3d3       91%         3
 Inner Flame              Hex/Fire       0%         N/A       91%         3
 Kindle Blastsparks       Fire/Tloc/Air  0%         2d10      91%         3
 Mephitic Cloud           Conj/Pois/Air  0%         N/A       91%         3
 Ozocubu's Armour         Ice            0%         N/A       91%         3
 Portal Projectile        Hex/Tloc       0%         N/A       91%         3
 Stone Arrow              Conj/Erth      0%         3d7       91%         3
 Summon Guardian Golem    Hex/Summ       0%         N/A       91%         3
 Swiftness                Air            0%         N/A       91%         3
 Tukima's Dance           Hex            0%         N/A       91%         3
 Vampiric Draining        Necr           0%         2d6       91%         3
 Vhi's Electric Charge    Tloc/Air       0%         N/A       91%         3
 Yara's Violent Unravell  Hex/Tmut       4%         3d4       97%         5
 Airstrike                Air            0%         2d(0-16)  100%        4
 Animate Dead             Necr           0%         N/A       100%        4
 Cause Fear               Hex            0%         N/A       100%        4
 Dispel Undead            Necr           0%         3d6       100%        4
 Flame Wave               Conj/Fire      0%         2d4       100%        4
 Fulminant Prism          Conj/Hex       0%         3d5       100%        4
 Iskenderun's Mystic Bla  Conj/Tloc      0%         2d3       100%        4
 Leda's Liquefaction      Hex/Erth       0%         N/A       100%        4
 Olgreb's Toxic Radiance  Pois           0%         N/A       100%        4
 Passage of Golubria      Tloc           0%         N/A       100%        4
 Sticky Flame             Conj/Fire      0%         2d3       100%        4
 Arcjolt                  Conj/Air       0%         1d10      100%        5
 Borgnjor's Vile Clutch   Necr/Erth      0%         N/A       100%        5
 Iskenderun's Battlesphe  Conj           0%         2d6       100%        5
 Lee's Rapid Deconstruct  Erth           0%         3d4*      100%        5
 Lightning Bolt           Conj/Air       0%         1d11      100%        5
 Conjure Ball Lightning   Conj/Air       0%         3x3d6     100%        6
 Death Channel            Necr           0%         N/A       100%        6
 Iron Shot                Conj/Erth      0%         9d1       100%        6
 Simulacrum               Ice/Necr       0%         N/A       100%        6
 Starburst                Conj/Fire      0%         6d3       100%        6
 Statue Form              Tmut/Erth      5%         N/A       100%        6
 Summon Cactus Giant      Summ           0%         N/A       100%        6
 Enfeeble                 Hex            0%         N/A       100%        7
 Haunt                    Necr/Summ      0%         N/A       100%        7
 Orb of Destruction       Conj           0%         9d5       100%        7
 Ozocubu's Refrigeration  Ice            0%         4d7       100%        7
 Spellforged Servitor     Conj/Summ      0%         N/A       100%        7
 Storm Form               Tmut/Air       4%         N/A       100%        7
 Summon Hydra             Summ           0%         N/A       100%        7
 Borgnjor's Revivificati  Necr           0%         N/A       100%        8
 Discord                  Hex            0%         N/A       100%        8
 Disjunction              Tloc           0%         N/A       100%        8
 Ignition                 Fire           0%         3d3       100%        8
 Infestation              Necr           0%         N/A       100%        8
 Necromutation            Tmut/Necr      4%         N/A       100%        8
 Chain Lightning          Conj/Air       0%         N/A       100%        9
 Death's Door             Necr           0%         N/A       100%        9
 Fire Storm               Conj/Fire      0%         5d1       100%        9
 Shatter                  Erth           0%         3d5*      100%        9


Dungeon Overview and Level Annotations

Branches:
Dungeon (15/15)            Temple (0/1) D:6            Lair (5/5) D:11
 Shoals (4/4) Lair:3       Spider (4/4) Lair:2        Slime (0/5) Lair:4
    Orc (2/2) D:9             Elf (3/3) Orc:2        Vaults (5/5) D:13
  Crypt (3/3) Vaults:2       Tomb (0/3) Crypt:3      Depths (4/4) D:15
    Zot (5/5) Depths:4      Sewer (visited)          Bailey (visited)
  IceCv (visited)          WizLab (visited)

Altars:
Ashenzari
Cheibriados
Dithmenos
Hepliaklqana
Kikubaaqudgha
Nemelex Xobeh
Qazlal
Sif Muna
Trog
Uskayaw
Vehumet
Xom
Yredelemnul
Jiyva

Shops:
Orc:2 =:=(   Elf:2 =[   Elf:3 (*[*   Shoals:1 (   Shoals:3 (   Shoals:4 **
Vaults:3 (?   Vaults:4 *   Vaults:5 !   Depths:2 :**([   Depths:3 **

Portals:
Hell: Depths:1 Depths:2 Depths:3 Depths:4
Abyss: Depths:3 Depths:4
Pandemonium: Depths:2
Ziggurat: Depths:4

Annotations:
D:3 exclusions: 2 orcs, orc priest and 16 more exclusions
D:4 Sigmund
D:6 1 runed translucent door, Newt's ghost, novice DsGl
D:11 exclusions: 3 doors and 1 more exclusion
D:13 1 runed translucent door
Shoals:1 Roxanne
Crypt:2 3 runed translucent doors, Bavo's ghost, adept GrFi
Crypt:3 3 runed translucent doors, Hegoitz's ghost, veteran MiGl
Depths:2 2 runed translucent doors


Innate Abilities, Weirdness & Mutations

You have claws for hands.
You have hooves in place of feet.
You have a pair of large horns on your head.
You can hurl damnation.
You are powered by pain.
You are resistant to unholy torment.
When hurt, damage is shared between your health and your magic reserves.
You regenerate magic rapidly.
When low on magic, you restore magic in place of health.
You punish those that try to bend your will. (Will+)
Your body sometimes deteriorates upon taking damage.
Your system is resistant to poisons. (rPois)
Your muscles are strong. (Str +4, Int/Dex -1)


Message History

Goazec hits you!!
Goazec hits Goazec.
Your mature oxfire beast hits Goazec.
Your mature oxfire beast tramples Goazec but does no damage.
You shoot a bolt. The bolt hits Goazec!!!
You kill Goazec!
Dithmenos accepts your kill.
Your shadow shoots a bolt.
The red devil hits your mature oxfire beast with a +0 trident!
Your mature oxfire beast is skewered by barbed spikes.
Your life force feels restored.
You shoot a bolt. The bolt hits the ice devil!!!!
You kill the ice devil!
Dithmenos accepts your kill.
Your shadow shoots a bolt.
Goazec gestures at the red devil.
The bolt of cold hits the red devil!!!
The red devil is frozen!
The red devil dies!
Dithmenos accepts your kill.
(D) Dungeon (T) Temple (L) Lair (A) Shoals (N) Spider Nest (M) Slime Pits (O) Orcish Mines (E) Elven Halls (V) Vaults (C) Crypt (W) Tomb (U) Depths (H) Hell (Z) Zot
Where to? (Enter - D:1 @ (x,y), ? - help)
An Orb Guardian comes into view.
Goazec shimmers and vanishes!
You shoot a bolt. The bolt hits the Orb Guardian!!!
The Orb Guardian is severely wounded.
Your shadow shoots a bolt.
The bolt barely misses the Orb Guardian.
You block the Orb Guardian's attack. x2
You shoot a bolt. The bolt hits the Orb Guardian!!!
You kill the Orb Guardian!
Dithmenos accepts your kill.
(D) Dungeon (T) Temple (L) Lair (A) Shoals (N) Spider Nest (M) Slime Pits (O) Orcish Mines (E) Elven Halls (V) Vaults (C) Crypt (W) Tomb (U) Depths (H) Hell (Z) Zot
Where to? (Enter - D:1 @ (x,y), ? - help) HP restored.
There is a staircase leading out of the dungeon here.
You have escaped!

### #.# #......#......#.# ..##
#.################.##)..#.#
#..####..........H...........##.#
......#######.##########.....##.#
......# #H##.### #..##.##.#
......# #......## #..^...#.#
......# #.P...P.# #..##.##.#
......# #.......# #..##....#
####.## #...@...####..#######
.###.## #####.........##.##
......# #.....P...P.#..#.#######
......###.##.#.....###.........#
........#.#..###.######..#####.#
...............#..###...######.#
.#####...##.##.#..#......).....#
.# #...##.##.#..#..############
.# #...#.....#..#.#####........


You could see a friendly mature oxfire beast (summoned).

Vanquished Creatures
  2 dread liches (Vaults:5)
  5 orbs of fire (Zot:5)
  5 ancient liches
  Mennas (Crypt:3)
  Mara (Vaults:2)
  Boris (thrice) (Vaults:2 Depths:2 Crypt:2)
  4 Killer Klowns (Zot:5)
  Frederick (Vaults:2)
  3 curse toes
  A pandemonium lord (D:1)
  A profane servitor (Crypt:2)
  10 golden dragons
  2 bone dragons
  6 electric golems
  A Brimstone Fiend (Zot:4)
  An Ice Fiend (D:1)
  Jorgrun (Spider:2)
  Mlioglotl (Spider:3)
  19 tentacled monstrosities
  The ghost of Xafer the Impaler, an adept DsGl of Okawaru (Vaults:4)
  A hellephant (Abyss:4)
  22 Orb Guardians
  9 liches
  A moon troll (WizLab)
  Asterion (Vaults:2)
  7 quicksilver dragons
  3 titans (Vaults:5)
  A deep elf blademaster (Elf:3)
  4 deep elf master archers (Elf:3)
  A walking frostbound tome (Depths:2)
  The ghost of Yfiec the Earth Mage, an adept SpVM of Vehumet (Vaults:4)
  2 death cobs (Zot:2)
  Polyphemus (Shoals:3)
  Frances (D:14)
  11 ancient champions
  A kraken (Shoals:4)
  9 tentacled starspawn
  6 sphinxes
  19 storm dragons
  2 revenants
  5 tengu reavers
  10 draconian monks
  11 shadow dragons
  3 emperor scorpions
  5 draconian knights
  10 fire giants
  Aizul (Spider:1)
  A balrug (D:1)
  6 deep elf sorcerers
  9 frost giants
  10 vault wardens
  8 draconian scorchers
  Louise (Depths:4)
  3 deep elf elementalists (Elf:3)
  An angel (Depths:3)
  10 ghost moths
  A curse skull (Crypt:1)
  35 very ugly things
  A broodmother (shapeshifter) (Abyss:3)
  2 iron dragons
  2 juggernaut skeletons
  5 ghouls
  7 draconian annihilators
  16 ironbound preservers
  8 draconian shifters
  An orc warlord (Elf:2)
  21 stone giants
  2 draconian stormcallers
  3 war gargoyles
  A broodmother (Spider:3)
  4 vampire knights
  2 cacodemons
  9 ironbound thunderhulks
  6 deep elf demonologists (Elf:3)
  Nessos (D:13)
  12 green draconians
  8 deep elf annihilators
  10 yellow draconians
  14 black draconians
  12 purple draconians
  7 spark wasps
  6 white draconians
  10 red draconians
  17 dire elephants
  6 crystal guardians
  6 ettins
  6 fire dragons
  8 deep elf death magi
  4 eidola
  A mummy priest (Crypt:3)
  3 merfolk javelineers
  An entropy weaver (shapeshifter) (D:14)
  7 jiangshi
  15 yaktaur captains
  6 deep elf high priests (Elf:3)
  11 great orbs of eyes
  11 merfolk impalers
  An entropy weaver (Spider:4)
  2 fenstrider witch zombies
  2 caustic shrike simulacra (Crypt:3)
  33 vault guards
  14 ice dragons
  A hydra (Lair:4)
  2 rakshasas
  6 ogre magi
  2 peacekeepers (Vaults:4)
  2 radroaches (Spider:3)
  9 ironbound frosthearts
  4 merfolk avatars
  A spriggan air mage (Depths:2)
  3 catoblepae
  17 two-headed ogres
  15 centaur warriors
  5 death knights
  8 death yaks
  2 tengu warriors
  2 satyrs
  27 dancing weapons
  6 boulder beetles
  6 deep troll shamans
  8 merfolk aquamancers
  An orc high priest (Elf:1)
  6 shock serpents (Zot:2)
  2 deep troll earth magi
  13 vampire magi
  A shock serpent (shapeshifter) (Depths:3)
  3 hell hogs (Abyss:1)
  2 spriggan berserkers
  4 sun demons (D:1)
  A titan zombie (Crypt:3)
  Sonja (Lair:5)
  3 soul eaters
  20 deep elf knights
  Amaemon (Lair:1)
  17 hell knights
  A shadow wraith (Crypt:2)
  A titan skeleton (Depths:1)
  4 wretched stars
  5 iron trolls
  16 skeletal warriors
  A sixfirhy (Abyss:3)
  2 pharaoh ants
  A spatial maelstrom (Abyss:4)
  2 sun moths
  A glowing orange brain (shapeshifter) (Vaults:5)
  9 sea snakes
  34 deep trolls
  6 glowing orange brains (WizLab)
  4 flayed ghosts
  A shadow demon (Depths:4)
  3 spriggan simulacra
  14 deep elf archers
  7 wizards
  2 bog bodies
  An anaconda zombie (Crypt:3)
  8 orb spiders
  9 phantasmal warriors
  3 orc knights
  7 steelbarb worms
  An orange crystal statue (IceCv)
  14 lindwurms
  31 deep elf pyromancers
  21 deep elf zephyrmancers
  26 ironbound convokers
  2 oklob plants (Lair:4)
  4 harpies (Shoals:4)
  9 necromancers
  26 wolf spiders
  3 orc sorcerers (Elf:1)
  41 ugly things
  A lindwurm (shapeshifter) (Elf:3)
  An elephant (shapeshifter) (D:13)
  A goliath frog skeleton (Crypt:2)
  13 fauns
  12 manticores
  An iron dragon skeleton (Crypt:1)
  2 worldbinders
  27 moths of wrath
  8 cyclopes
  5 eyes of devastation (WizLab)
  5 black mambas
  14 elephants
  An eye of devastation (shapeshifter) (WizLab)
  A stone giant skeleton (Crypt:2)
  18 vault sentinels
  8 water nymphs
  8 merfolk sirens
  An alligator snapping turtle zombie (Crypt:3)
  2 rust devils
  3 torpor snails
  12 cane toads
  2 orange demons
  Maggie (D:7)
  2 gargoyles
  A black mamba (shapeshifter) (D:14)
  3 smoke demons
  10 demonic crawlers
  A green draconian zombie (Crypt:1)
  3 efreet
  A hellion (Depths:3)
  26 yaktaurs
  A yaktaur (shapeshifter) (Depths:2)
  6 storm dragon simulacra (IceCv)
  An unseen horror (shapeshifter) (Elf:3)
  A tormentor (Depths:2)
  A komodo dragon (shapeshifter) (Abyss:1)
  5 komodo dragons
  A catoblepas skeleton (Crypt:2)
  2 kobold demonologists
  8 guardian mummies (Crypt:3)
  6 ice devils
  A swamp worm zombie (Crypt:2)
  A red devil (Depths:2)
  7 freezing wraiths
  5 tengu conjurers
  A merfolk (shapeshifter) (Depths:3)
  A harpy zombie (Crypt:3)
  An ancient zyme (Abyss:3)
  4 trolls
  A meliai (shapeshifter) (Elf:3)
  A pale draconian skeleton (Crypt:3)
  A queen bee (Spider:4)
  7 golden dragon simulacra (IceCv)
  32 merfolk
  22 tarantellas
  9 meliai
  6 polar bears
  11 hornets
  23 blink frogs
  A hellwing (D:1)
  A hydra skeleton (Crypt:3)
  13 dream sheep
  5 wind drakes
  Prince Ribbit (D:5)
  12 raiju
  A dream sheep (shapeshifter) (Elf:1)
  A blink frog (shapeshifter) (Vaults:5)
  A radroach zombie (Crypt:3)
  42 jumping spiders
  2 air elementals (Elf:1)
  14 flying skulls
  5 snapping turtles
  16 slime creatures
  13 spriggans (Lair:5)
  An ettin skeleton (Crypt:3)
  A shadow (D:13)
  A wind drake zombie (Crypt:1)
  3 ynoxinuls
  7 wraiths
  6 wyverns
  18 culicivoras
  A spriggan skeleton (Depths:1)
  7 vampires
  5 basilisks
  4 starcursed masses (WizLab)
  19 humans
  24 water elementals
  3 fire elementals
  5 golden eyes (WizLab)
  31 yaks
  4 vampire mosquitoes (D:14)
  4 steam dragons
  43 redbacks
  3 neqoxecs
  Edmund (D:6)
  5 spatial vortices (Abyss:4)
  3 wargs
  2 acid dragons
  18 water moccasins
  10 large abominations
  5 hell hounds (Abyss:3)
  A floating eye (D:15)
  A water nymph skeleton (Crypt:3)
  29 orc warriors
  2 cane toad skeletons (Crypt:1)
  A glowing shapeshifter skeleton (Depths:1)
  A hornet zombie (Crypt:2)
  An ice beast (D:7)
  27 ogres
  5 black bears
  3 ice dragon simulacra (IceCv)
  13 boggarts
  30 wolves
  26 centaurs
  8 small abominations
  A snapping turtle skeleton (Crypt:2)
  A komodo dragon zombie (Crypt:2)
  5 kobold brigands
  2 phantoms
  A yaktaur skeleton (Crypt:3)
  3 gnoll sergeants
  An elf zombie (Crypt:1)
  21 bullfrogs
  4 earth elementals
  2 necrophages (Crypt:1)
  4 scorpions
  19 wights
  17 killer bees
  5 lindwurm simulacra (IceCv)
  A troll skeleton (Crypt:3)
  2 howler monkeys
  4 electric eels
  A hound (D:6)
  18 orc priests
  2 gnoll boudas (D:8)
  2 iron imps
  7 iguanas
  Ijyb (D:4)
  An iguana (shapeshifter) (Vaults:5)
  Natasha (thrice) (D:4)
  5 lightning spires (Zot:2)
  20 orc wizards
  2 naga zombies
  10 gnolls
  10 adders
  A river rat (D:4)
  2 shadow imps
  A steam dragon skeleton (Crypt:2)
  2 white imps
  An ufetubus (Abyss:3)
  4 worms
  5 dart slugs
  69 orcs
  4 bats
  A bat skeleton (Crypt:1)
  5 endoplasms
  8 giant cockroaches
  7 goblins
  6 hobgoblins
  8 jackals (D:2)
  5 quokkas
  7 ball pythons
  2 frilled lizards
  A frilled lizard skeleton (Crypt:3)
  A gnoll skeleton (Crypt:3)
  29 kobolds
  3 rats
  A ball lightning (Zot:2)
  A lurking horror (Abyss:2)
  A plant (Shoals:2)
  10 starspawn tentacles
  2 tentacles (Shoals:4)
2379 creatures vanquished.

Vanquished Creatures (collateral kills)
  2 tentacled starspawn (WizLab)
  A death cob (Zot:5)
  A fire giant (Vaults:5)
  A very ugly thing (WizLab)
  A white draconian (Zot:5)
  A pharaoh ant (Spider:3)
  A guardian mummy (Crypt:3)
  A red devil (D:1)
  A jumping spider (Spider:3)
  A culicivora (Spider:3)
  3 redbacks (Spider:3)
  A starspawn tentacle (WizLab)
15 creatures vanquished.

Vanquished Creatures (others)
  A Killer Klown (Zot:2)
  A quicksilver dragon (Zot:1)
  A deep elf blademaster (Elf:2)
  A storm dragon (Zot:1)
  A fire giant (Depths:3)
  A draconian knight (Zot:2)
  A purple draconian (Zot:1)
  2 black draconians (Zot:2)
  A spark wasp (Zot:2)
  A deep elf death mage (Elf:2)
  A centaur warrior (Vaults:2)
  A dancing weapon (Elf:2)
  A deep elf knight (Elf:2)
  A deep elf pyromancer (Elf:2)
  A tengu conjurer (Depths:2)
  A tarantella (Spider:3)
  A culicivora (Spider:2)
  A human (D:13)
  A gnoll (D:6)
  4 ball lightnings (Zot:2)
  A demonic plant (WizLab)
  36 fungi
  110 plants
  26 starspawn tentacles
  12 tentacles (Shoals:4)
  5 toadstools (D:5)
  6 withered plants (Vaults:4)
220 creatures vanquished.

Grand Total: 2614 creatures vanquished

Notes
Turn   | Place    | Note
-------+----------+-------------------------------------------
     0 | D:1      | freelancePsychic the Demonspawn Hunter began the quest for
                  | the Orb.
     0 | D:1      | Reached XP level 1. HP: 16/16 MP: 1/1
     9 | D:1      | Reached skill level 1 in Stealth
   146 | D:1      | Gained mutation: You regenerate magic rapidly. [demonic
                  | ancestry]
   146 | D:1      | Reached XP level 2. HP: 22/22 MP: 2/2
   805 | D:2      | You fall into a shaft and drop 1 floor!
   847 | D:3      | Reached XP level 3. HP: 12/27 MP: 3/3
  1526 | D:3      | Discovered your monstrous ancestry.
  1526 | D:3      | Gained mutation: You have large cloven feet. [demonic
                  | ancestry]
  1526 | D:3      | Reached XP level 4. HP: 33/33 MP: 4/4
  1601 | D:3      | Found a shadowy altar of Dithmenos.
  1609 | D:3      | Became a worshipper of Dithmenos the Shadowed
  1902 | D:3      | Found a faded altar of an unknown god.
  2416 | D:4      | Noticed an earth elemental
  2419 | D:4      | Found a stormy altar of Qazlal.
  2421 | D:4      | Noticed a water elemental
  2421 | D:4      | Noticed a fire elemental
  2421 | D:4      | Noticed an air elemental
  2429 | D:4      | Noticed Natasha
  2449 | D:4      | Killed Natasha
  2450 | D:4      | Reached skill level 2 in Dodging
  2476 | D:4      | Gained mutation: You sometimes gain a little power by
                  | taking damage. [demonic ancestry]
  2476 | D:4      | Reached XP level 5. HP: 23/39 MP: 5/5
  2508 | D:4      | Found a shimmering blue altar of Sif Muna.
  2532 | D:4      | Noticed a phantom
  2550 | D:4      | Killed a phantom
  2551 | D:4      | Reached skill level 5 in Ranged Weapons
  2570 | D:4      | Noticed Sigmund
  2625 | D:4      | Found a shimmering altar of Xom.
  2629 | D:4      | Noticed Natasha
  2639 | D:4      | Killed Natasha
  2669 | D:4      | Gained mutation: You have hoof-like feet. [demonic
                  | ancestry]
  2669 | D:4      | Reached XP level 6. HP: 47/47 MP: 6/6
  2726 | D:4      | Found a bloodstained altar of Trog.
  2726 | D:4      | Noticed Natasha
  2726 | D:4      | Noticed Ijyb
  2810 | D:4      | Found a glowing drain.
  2829 | D:4      | Reached * piety under Dithmenos
  2842 | Sewer    | Entered a sewer
  2924 | Sewer    | Noticed Pargi
  3182 | D:4      | Killed Natasha
  3239 | D:4      | Found a hide-covered altar of Uskayaw.
  3304 | D:4      | Found a snail-covered altar of Cheibriados.
  3427 | D:4      | Killed Ijyb
  3428 | D:4      | Reached skill level 3 in Dodging
  3685 | D:5      | Entered Level 5 of the Dungeon
  3854 | D:5      | Noticed Prince Ribbit
  3871 | D:5      | Killed Prince Ribbit
  3872 | D:5      | Reached XP level 7. HP: 37/54 MP: 7/7
  4043 | D:5      | Identified the +8 sling "Jellyslayer" {speed, rF+ rC+
                  | Str+2}
  4356 | D:5      | Reached skill level 4 in Dodging
  4356 | D:5      | Gained mutation: You have a pair of small horns on your
                  | head. [demonic ancestry]
  4356 | D:5      | Reached XP level 8. HP: 45/61 MP: 8/8
  4588 | D:6      | Noticed Edmund
  4588 | D:6      | Found a staircase to the Ecumenical Temple.
  4613 | D:6      | Found a radiant altar of Vehumet.
  4649 | D:6      | Reached ** piety under Dithmenos
  4673 | D:6      | Killed Edmund
  4674 | D:6      | Reached skill level 5 in Fighting
  4848 | D:6      | Found a runed translucent door.
  4854 | D:6      | Noticed Newt's ghost (novice DsGl)
  4855 | D:6      | Noticed a cyclops
  5173 | D:6      | Reached skill level 5 in Dodging
  5756 | D:6      | Gained mutation: You sometimes gain power by taking damage.
                  | [demonic ancestry]
  5756 | D:6      | Reached XP level 9. HP: 69/69 MP: 9/9
  5856 | D:7      | Noticed Maggie
  5888 | D:7      | Killed Maggie
  6067 | D:7      | Reached *** piety under Dithmenos
  6068 | D:7      | Reached skill level 6 in Dodging
  6372 | D:7      | Found a broken altar of Ashenzari.
  6624 | D:8      | Reached skill level 10 in Ranged Weapons
  6627 | D:8      | Reached XP level 10. HP: 79/79 MP: 10/10
  6685 | D:8      | Noticed a catoblepas
  6826 | D:8      | Found a flagged portal.
  6835 | Bailey   | Entered a bailey
  6842 | Bailey   | Reached skill level 1 in Evocations
  7062 | Bailey   | Reached **** piety under Dithmenos
  7223 | Bailey   | Noticed a vault guard
  7262 | Bailey   | Killed a vault guard
  7470 | Bailey   | Noticed a vault guard
  7492 | Bailey   | Killed a vault guard
  7990 | D:8      | Gained mutation: You have sharp fingernails. [demonic
                  | ancestry]
  7990 | D:8      | Reached XP level 11. HP: 87/87 MP: 11/11
  8062 | D:8      | Killed a catoblepas
  9046 | D:9      | Reached skill level 5 in Evocations
  9165 | D:9      | Reached ***** piety under Dithmenos
  9487 | D:9      | Found a staircase to the Orcish Mines.
  9527 | D:9      | Reached skill level 7 in Dodging
  9863 | D:10     | Entered Level 10 of the Dungeon
  9880 | D:10     | Reached skill level 1 in Invocations
 10358 | D:10     | Found a sparkling altar of Nemelex Xobeh.
 10878 | D:11     | Noticed a boulder beetle
 11093 | D:11     | Reached skill level 10 in Fighting
 11220 | D:11     | Found a staircase to the Lair.
 11805 | D:12     | Noticed a boulder beetle
 11841 | Lair:1   | Entered Level 1 of the Lair of Beasts
 11874 | Lair:1   | Identified the amulet "Sushrophyn" {RegenMP SInv}
 11945 | Lair:1   | Reached skill level 5 in Invocations
 11970 | Lair:1   | Gained mutation: You are powered by pain. [demonic
                  | ancestry]
 11970 | Lair:1   | Reached XP level 12. HP: 98/98 MP: 14/16
 12163 | Lair:1   | Noticed Amaemon
 12202 | Lair:1   | Killed Amaemon
 13073 | Lair:2   | Found a hole to the Spider Nest.
 14174 | Lair:3   | Found a staircase to the Shoals.
 14489 | Lair:4   | Reached XP level 13. HP: 108/108 MP: 20/20
 14656 | Lair:3   | Reached skill level 10 in Invocations
 14725 | Lair:4   | Identified the +2 pair of boots of the Midnight Sun {+Inv
                  | rC+ rCorr}
 15191 | Lair:4   | Found a viscous altar of Jiyva.
 15211 | Lair:4   | Found a staircase to the Slime Pits.
 15596 | Lair:5   | Entered Level 5 of the Lair of Beasts
 15618 | Lair:5   | Noticed Sonja
 15624 | Lair:5   | Killed Sonja
 15710 | Lair:5   | Reached ****** piety under Dithmenos
 15949 | Lair:5   | Paralysed by a hornet for 3 turns
 16261 | Lair:5   | Reached XP level 14. HP: 104/118 MP: 23/23
 16428 | Lair:5   | Reached skill level 15 in Ranged Weapons
 17936 | D:13     | Noticed Nessos
 17936 | D:13     | Found a gate to the Vaults.
 18002 | D:13     | Killed Nessos
 18184 | D:13     | Noticed a fire giant
 18185 | D:13     | Found a runed translucent door.
 18187 | D:13     | Noticed a frost giant
 18187 | D:13     | Noticed a fire giant
 18187 | D:13     | Noticed a frost giant
 18613 | D:13     | Reached skill level 8 in Dodging
 19144 | D:14     | Noticed Frances
 19298 | Orc:1    | Entered Level 1 of the Orcish Mines
 19599 | Orc:2    | Entered Level 2 of the Orcish Mines
 19853 | Orc:2    | Found a staircase to the Elven Halls.
 19911 | Orc:2    | Gained mutation: You have hooves in place of feet. [demonic
                  | ancestry]
 19911 | Orc:2    | Reached XP level 15. HP: 66/127 MP: 15/25
 20083 | Orc:2    | Reached skill level 9 in Dodging
 20114 | Orc:2    | Found Nyisilat's Book Shoppe.
 20114 | Orc:2    | Found Qyvemif's Jewellery Shop.
 20115 | Orc:2    | Found Askani's Weapon Boutique.
 20115 | Orc:2    | Found Murahuli's Jewellery Shoppe.
 20200 | Orc:2    | Bought the ring "Qonyqek" {rN+ Will+ MP+9 Slay+4} for 1204
                  | gold pieces
 20222 | Orc:2    | Bought a book of Blood for 448 gold pieces
 20344 | Orc:1    | Learned a level 2 spell: Wereblood
 20576 | D:14     | Reached skill level 1 in Transmutations
 20583 | D:14     | Reached skill level 15 in Fighting
 20672 | D:14     | Killed Frances
 20968 | D:15     | Entered Level 15 of the Dungeon
 20968 | D:15     | Found a bloodstained altar of Trog.
 21344 | D:15     | Found a staircase to the Depths.
 21904 | Shoals:1 | Entered Level 1 of the Shoals
 22160 | Spider:1 | Entered Level 1 of the Spider Nest
 22204 | Spider:1 | Reached skill level 10 in Dodging
 22647 | Spider:1 | Noticed Aizul
 22830 | Spider:1 | Killed Aizul
 23488 | Spider:2 | Noticed Jorgrun
 23505 | Spider:1 | Gained mutation: You have very sharp fingernails. [demonic
                  | ancestry]
 23505 | Spider:1 | Reached XP level 16. HP: 35/137 MP: 7/26
 23677 | Spider:2 | Killed Jorgrun
 24525 | Spider:3 | HP: 2/138 [something (5)]
 24749 | Spider:3 | Noticed Mlioglotl
 25238 | Elf:1    | Entered Level 1 of the Elven Halls
 25240 | Elf:1    | Identified a scroll of acquirement
 25240 | Elf:1    | Acquired a +4 triple crossbow of freezing
 25262 | Elf:1    | Reached skill level 11 in Dodging
 25292 | Elf:1    | Found a magical portal.
 25298 | WizLab   | Entered Lehudib's Moon Base
 25399 | WizLab   | Noticed a tentacled starspawn
 25399 | WizLab   | Noticed a tentacled starspawn
 25411 | WizLab   | Killed a tentacled starspawn
 25413 | WizLab   | Killed a tentacled starspawn
 25503 | WizLab   | Paralysed by a great orb of eyes for 5 turns
 25511 | WizLab   | Paralysed by a great orb of eyes for 4 turns
 25546 | WizLab   | Noticed a tentacled starspawn
 25675 | WizLab   | Found a transporter.
 25710 | WizLab   | Noticed a tentacled starspawn
 25882 | WizLab   | Killed a tentacled starspawn
 25946 | WizLab   | Noticed a tentacled starspawn
 25948 | WizLab   | Gained mutation: You have a pair of horns on your head.
                  | [demonic ancestry]
 25948 | WizLab   | Reached XP level 17. HP: 67/136 MP: 27/27
 26378 | WizLab   | Reached skill level 12 in Dodging
 26716 | WizLab   | Found a transporter.
 27042 | WizLab   | Noticed a moon troll
 27047 | WizLab   | Killed a moon troll
 27222 | WizLab   | Identified the ring "Icag Deo" {rC+ rCorr Dex+6 Slay-3
                  | SInv}
 27319 | Elf:1    | You fall into a shaft and drop 1 floor!
 27333 | Elf:2    | Found a runed translucent gate.
 27333 | Elf:2    | Found a runed translucent gate.
 27334 | Elf:2    | Found a runed translucent gate.
 27337 | Elf:2    | Noticed a deep elf blademaster
 27459 | Elf:2    | Killed a deep elf blademaster
 27477 | Elf:2    | Found Myva's Jewellery Boutique.
 27661 | Elf:2    | Reached skill level 13 in Dodging
 27796 | Elf:2    | Found a frozen archway.
 27805 | IceCv    | Entered an ice cave
 27951 | IceCv    | Noticed a golden dragon
 27979 | IceCv    | Killed a golden dragon
 28012 | IceCv    | Identified the amulet "Otai" {Reflect rN+ SH+5 Stlth+}
 28014 | IceCv    | Identified the ring "Peifiun" {rF+ rN+ SInv Stlth+}
 28020 | IceCv    | Identified the ring of Reimbursement {Fly Str+2}
 28152 | IceCv    | Reached XP level 18. HP: 155/155 MP: 28/28
 28346 | Elf:2    | Found Qekkocotets's Antique Armour Emporium.
 28434 | Elf:2    | Reached skill level 14 in Dodging
 28891 | Elf:3    | Entered Level 3 of the Elven Halls
 28910 | Elf:3    | Found Myophe's Armour Shop.
 29045 | Elf:3    | Found Xatubaddae's Antique Weapon Shop.
 29059 | Elf:3    | Found Askil's General Store.
 29063 | Elf:3    | Bought a potion of curing for 30 gold pieces
 29226 | Elf:3    | Reached skill level 15 in Dodging
 29419 | Elf:3    | Noticed a Tzitzimitl
 29421 | Elf:3    | Noticed a Hell Sentinel
 29428 | Elf:3    | Identified the +9 rapier of the Hawk {heavy, rPois Int+3}
 29486 | Elf:3    | Identified the ring of the Will of the Gods {Drain rF+++
                  | rN++ rCorr MP-9}
 29504 | Elf:3    | Identified the amulet "Plog" {Reflect rElec Str+4 SH+5
                  | SInv}
 29555 | Elf:3    | Found Retap's Assorted Antiques.
 29561 | Elf:3    | Bought a scroll of enchant weapon for 247 gold pieces
 29561 | Elf:3    | Bought a scroll of fog for 132 gold pieces
 29561 | Elf:3    | Bought a white potion for 29 gold pieces
 29677 | Elf:3    | Identified the +3 leather armour of the Blacksmith {MP+9
                  | Dex+3 Slay+2}
 29706 | Elf:3    | Identified the ring "Keggeg" {rC+ rN+ MP-9 Int+6}
 29741 | Elf:3    | Got the Dissertation on Fumes and Shapeshifting
 29752 | Elf:3    | Identified the +5 sling "Zimo" {elec, rElec rF- Will+}
 29789 | Elf:3    | Found the +0 pair of fencer's gloves {Riposte Dex+3}
 30116 | Elf:1    | Reached skill level 16 in Dodging
 30634 | Elf:1    | Got the Discursus on Gathered Striking
 31395 | Spider:3 | Reached XP level 19. HP: 163/163 MP: 29/29
 31476 | Spider:3 | Reached skill level 17 in Dodging
 31484 | Spider:3 | Noticed a bone dragon
 31485 | Spider:3 | Noticed a bone dragon
 31545 | Spider:3 | Killed Mlioglotl
 31686 | Spider:4 | Entered Level 4 of the Spider Nest
 32854 | Spider:4 | HP: 8/163 [emperor scorpion (21)]
 33113 | Spider:4 | Got a gossamer rune of Zot
 33637 | Shoals:1 | Reached skill level 18 in Dodging
 33854 | Shoals:1 | Identified Roxanne's Catalogue of Transmutation
 33854 | Shoals:1 | Noticed Roxanne
 34858 | Shoals:3 | Found Foar's Weapon Boutique.
 34881 | Shoals:3 | Acquired the +2 arbalest of Symmetry {penet, rN+}
 34905 | Shoals:3 | Noticed Polyphemus
 34943 | Shoals:3 | Reached skill level 1 in Armour
 34947 | Shoals:3 | Killed Polyphemus
 35124 | Shoals:3 | Got Tuzoniul's Essays on the Xenotype and the Geologist
 35440 | Shoals:4 | Entered Level 4 of the Shoals
 35657 | Shoals:4 | Reached XP level 20. HP: 171/171 MP: 30/30
 35976 | Shoals:4 | Got a barnacled rune of Zot
 36028 | Shoals:4 | Found Maokeh Muil's Specific Store.
 36028 | Shoals:4 | Found Muqolox's General Store.
 36040 | Shoals:4 | Bought a scroll of immolation for 60 gold pieces
 36040 | Shoals:4 | Bought a scroll of teleportation for 45 gold pieces
 36078 | Shoals:4 | Identified the ring of Voabyori {rF+ Will+ rCorr Str+6
                  | Dex-4}
 36502 | Vaults:1 | Entered Level 1 of the Vaults
 36789 | Vaults:1 | Reached skill level 10 in Evocations
 37836 | Vaults:2 | Reached skill level 5 in Armour
 37846 | Vaults:2 | Noticed Mara
 37849 | Vaults:2 | Noticed freelancePsychic's illusion
 37855 | Vaults:2 | HP: 2/172 [Mara/+2 demon trident of venom (18)]
 37881 | Vaults:2 | Noticed Asterion
 37906 | Vaults:2 | Killed Asterion
 38286 | Vaults:2 | Noticed Frederick
 38402 | Vaults:3 | Found a flickering gateway to a bazaar.
 38409 | Bazaar   | Entered a bazaar
 38423 | Bazaar   | Found Lumufiug's Antique Weapon Emporium.
 38423 | Bazaar   | Found Xoix Suh's Jewellery Shoppe.
 38434 | Bazaar   | Bought a runed hand crossbow for 156 gold pieces
 38447 | Bazaar   | Found Zegrivic's Book Shoppe.
 38476 | Bazaar   | Found Loror's Distillery.
 38481 | Bazaar   | Bought a potion of heal wounds for 45 gold pieces
 38481 | Bazaar   | Bought a potion of curing for 27 gold pieces
 38481 | Bazaar   | Bought a potion of curing for 27 gold pieces
 38481 | Bazaar   | Bought a potion of curing for 27 gold pieces
 38481 | Bazaar   | Bought a potion of mutation for 72 gold pieces
 38481 | Bazaar   | Bought a potion of curing for 27 gold pieces
 38539 | Vaults:3 | Reached skill level 1 in Shields
 39316 | Vaults:2 | You fall into a shaft and drop 2 floors!
 39415 | Vaults:4 | Paralysed by a great orb of eyes for 5 turns
 39470 | Vaults:4 | Reached skill level 5 in Shields
 39476 | Vaults:4 | Gained mutation: You punish those that try to bend your
                  | will. (Will+) [demonic ancestry]
 39476 | Vaults:4 | Reached XP level 21. HP: 179/179 MP: 27/31
 39960 | Vaults:4 | Found Buenesa's Assorted Antiques.
 39966 | Vaults:4 | Bought a scroll of teleportation for 105 gold pieces
 39966 | Vaults:4 | Bought a scroll of fog for 140 gold pieces
 39966 | Vaults:4 | Bought a wand of iceblast (2) for 168 gold pieces
 40041 | Vaults:4 | Found a runed translucent gate.
 40041 | Vaults:4 | Found a runed translucent gate.
 40041 | Vaults:4 | Found a runed translucent gate.
 40042 | Vaults:4 | Noticed Yfiec's ghost (adept SpVM)
 40051 | Vaults:4 | Noticed Xafer's ghost (adept DsGl)
 40947 | Vaults:3 | Reached skill level 10 in Shields
 41081 | Vaults:3 | Found Adiulupp's Magic Scroll Shop.
 41087 | Vaults:3 | Bought a scroll of enchant armour for 150 gold pieces
 41087 | Vaults:3 | Bought a scroll of magic mapping for 150 gold pieces
 41087 | Vaults:3 | Bought a scroll of fear for 80 gold pieces
 41192 | Vaults:3 | Found Leunour's Weapon Shop.
 41336 | Vaults:2 | Killed Mara
 41492 | Vaults:2 | Noticed Boris
 41498 | Vaults:2 | Killed Boris
 41628 | Vaults:2 | Killed Frederick
 41798 | Vaults:2 | Found a staircase to the Crypt.
 42483 | Depths:1 | Entered Level 1 of the Depths
 42520 | Depths:1 | Paralysed by a floating eye for 4 turns
 42589 | D:15     | Reached skill level 5 in Transmutations
 42824 | Depths:1 | Found a gateway to Hell.
 42920 | Depths:1 | Found a broken altar of Ashenzari.
 42939 | Depths:1 | Gained mutation: You have a pair of large horns on your
                  | head. [demonic ancestry]
 42939 | Depths:1 | Reached XP level 22. HP: 186/186 MP: 28/32
 43393 | Depths:2 | Found Isomau's Assorted Antiques.
 43393 | Depths:2 | You fall into a shaft and drop 1 floor!
 43396 | Depths:3 | Found Qialuyr's Demolitions Depot.
 43567 | Depths:3 | Found a basalt altar of Yredelemnul.
 43610 | Depths:2 | Noticed Boris
 43774 | Depths:2 | Noticed a golden dragon
 43783 | Depths:2 | Killed a golden dragon
 43794 | Depths:2 | Identified the ring "Tuaso" {Fly MP+9 Dex+3 Slay+2 Stlth+}
 43833 | Depths:2 | Found a runed translucent door.
 43836 | Depths:2 | Found a runed translucent door.
 43849 | Depths:2 | Found Fikhlusm's Weapon Shoppe.
 43881 | Depths:2 | Found Idyuwogh's General Store.
 44014 | Depths:2 | Found a one-way gate leading to the halls of Pandemonium.
 44082 | Depths:2 | Found Qaiw's Armour Shoppe.
 44197 | Depths:2 | Found Ytziluuhe's Book Shoppe.
 44279 | Depths:2 | Got the Vellum of Orogeny and the Arsonist
 44358 | Depths:2 | Killed Boris
 44924 | Depths:3 | Found a one-way gate to the infinite horrors of the Abyss.
 45095 | Depths:3 | Found Big Baal Hell's Store.
 45378 | Depths:4 | Entered Level 4 of the Depths
 45490 | Depths:4 | Found a one-way gateway to a ziggurat.
 45705 | Depths:4 | Found a gate to the Realm of Zot.
 45818 | Depths:4 | Identified the +6 tower shield of Recklessness {rCorr Str+4
                  | Int+2 Dex+2}
 45818 | Depths:4 | Noticed Louise
 45827 | Depths:4 | Killed Louise
 46194 | Depths:4 | Found a hazy altar of Hepliaklqana.
 46361 | Depths:4 | Upgraded the game from 0.30-a0-586-g23e55c9e0a to
                  | 0.30-a0-591-g3c58d2bc28
 46405 | Depths:4 | Voluntarily entered the Abyss.
 46566 | Abyss:1  | Reached skill level 15 in Shields
 46683 | Abyss:2  | Found a corrupted altar of Lugonu.
 46831 | Abyss:2  | Found a radiant altar of Vehumet.
 46858 | Abyss:2  | Found a radiant altar of Vehumet.
 46927 | Abyss:3  | Gained mutation: You have hidden genetic defects. [a
                  | cacodemon]
 46931 | Abyss:3  | Gained mutation: Armour fits poorly on your strangely
                  | shaped body. [a cacodemon]
 46932 | Abyss:3  | Gained mutation: You are clumsy. (Dex -2) [a cacodemon]
 46934 | Abyss:3  | Lost mutation: You are clumsy. (Dex -2) [potion of
                  | mutation]
 46934 | Abyss:3  | Lost mutation: You have hidden genetic defects. [potion of
                  | mutation]
 46934 | Abyss:3  | Lost mutation: Armour fits poorly on your strangely shaped
                  | body. [potion of mutation]
 46934 | Abyss:3  | Gained mutation: You are partially covered in iridescent
                  | scales. (AC +2) [potion of mutation]
 46934 | Abyss:3  | Gained mutation: You are dopey. (Int -2) [potion of
                  | mutation]
 47002 | Abyss:3  | Gained mutation: When hurt, damage is shared between your
                  | health and your magic reserves. [demonic ancestry]
 47002 | Abyss:3  | Reached XP level 23. HP: 187/196 MP: 26/33
 47083 | Abyss:3  | Found a corrupted altar of Lugonu.
 47119 | Abyss:3  | Found a corrupted altar of Lugonu.
 47148 | Abyss:3  | Found a corrupted altar of Lugonu.
 47281 | Abyss:4  | Found a corrupted altar of Lugonu.
 47301 | Abyss:4  | Got an abyssal rune of Zot
 47361 | Abyss:4  | Found a corrupted altar of Lugonu.
 47403 | Depths:4 | Escaped the Abyss
 47693 | Crypt:1  | Entered Level 1 of the Crypt
 48587 | Crypt:2  | Found a runed translucent gate.
 48587 | Crypt:2  | Found a runed translucent gate.
 48588 | Crypt:2  | Found a runed translucent gate.
 48591 | Crypt:2  | Noticed Bavo's ghost (adept GrFi)
 48669 | Crypt:2  | Identified the +8 plate armour of Listacen {+Inv rF++ Dex-5
                  | Stlth+}
 49085 | Crypt:2  | Noticed Boris
 49090 | Crypt:2  | Killed Boris
 49091 | Crypt:2  | Reached skill level 10 in Armour
 49530 | Crypt:3  | Entered Level 3 of the Crypt
 49548 | Crypt:3  | Noticed an ancient lich
 49554 | Crypt:3  | Killed an ancient lich
 49729 | Crypt:3  | Found an ancient bone altar of Kikubaaqudgha.
 49729 | Crypt:3  | Found a basalt altar of Yredelemnul.
 50027 | Crypt:3  | Noticed Mennas
 50044 | Crypt:3  | Killed Mennas
 50143 | Crypt:3  | Acquired 587 gold pieces
 50149 | Crypt:3  | Gained mutation: When low on magic, you restore magic in
                  | place of health. [demonic ancestry]
 50149 | Crypt:3  | Reached XP level 24. HP: 192/203 MP: 27/33
 50163 | Crypt:3  | Found a staircase to the Tomb.
 50425 | Crypt:3  | Found a runed translucent gate.
 50425 | Crypt:3  | Found a runed translucent gate.
 50426 | Crypt:3  | Found a runed translucent gate.
 50427 | Crypt:3  | Noticed Hegoitz's ghost (veteran MiGl)
 50526 | Crypt:3  | Identified the ring of Miracles {Will+ Int+3 Stlth+}
 50555 | Crypt:3  | Got the Lectures on the Mausoleum
 50556 | Crypt:3  | Identified the ring "Piesur" {Fire Int+3}
 50898 | Vaults:4 | Killed Xafer's ghost
 50913 | Vaults:4 | Killed Yfiec's ghost
 50923 | Vaults:4 | Gained mutation: You have claws for hands. [demonic
                  | ancestry]
 50923 | Vaults:4 | Reached XP level 25. HP: 210/210 MP: 29/33
 50930 | Vaults:4 | Gained mutation: You are resistant to unholy torment.
                  | [demonic ancestry]
 50930 | Vaults:4 | Reached XP level 26. HP: 218/218 MP: 29/33
 50998 | Vaults:5 | Entered Level 5 of the Vaults
 51012 | Vaults:5 | Noticed an ancient lich
 51027 | Vaults:5 | Killed an ancient lich
 51038 | Vaults:5 | Reached skill level 19 in Dodging
 51204 | Vaults:5 | Noticed an ancient lich
 51209 | Vaults:5 | Killed an ancient lich
 51363 | Vaults:5 | Noticed a dread lich
 51372 | Vaults:5 | Killed a dread lich
 51407 | Vaults:5 | Reached skill level 5 in Stealth
 51445 | Vaults:5 | Reached skill level 20 in Dodging
 51723 | Vaults:5 | Noticed a dread lich
 51732 | Vaults:5 | Killed a dread lich
 51848 | Vaults:5 | Got a silver rune of Zot
 52044 | Vaults:5 | Found Xaetzicw's Distillery.
 52055 | Vaults:5 | Bought a potion of cancellation for 104 gold pieces
 52055 | Vaults:5 | Bought 2 potions of curing for 78 gold pieces
 52055 | Vaults:5 | Bought a potion of haste for 130 gold pieces
 52055 | Vaults:5 | Bought a potion of curing for 39 gold pieces
 52055 | Vaults:5 | Bought a potion of ambrosia for 104 gold pieces
 52055 | Vaults:5 | Bought a potion of heal wounds for 65 gold pieces
 52055 | Vaults:5 | Bought a potion of resistance for 130 gold pieces
 52055 | Vaults:5 | Bought a potion of cancellation for 104 gold pieces
 52117 | Vaults:5 | Identified the +8 trident of Karma {venom, Int+4}
 52458 | Vaults:5 | Identified the +8 war axe "Killer Bee's Doom" {drain,
                  | Will+}
 52915 | Zot:1    | Entered Level 1 of the Realm of Zot
 52999 | Zot:1    | Reached skill level 21 in Dodging
 53217 | Zot:1    | Gained mutation: You can hurl damnation. [demonic ancestry]
 53217 | Zot:1    | Reached XP level 27. HP: 70/224 MP: 14/33
 54073 | Zot:2    | Reached skill level 22 in Dodging
 54338 | Zot:2    | You fall into a shaft and drop 2 floors!
 54528 | Zot:4    | Reached skill level 15 in Invocations
 55115 | Zot:3    | Reached skill level 23 in Dodging
 55143 | Zot:3    | Got the Papyrus of Gaseous Phlogiston
 55804 | Zot:2    | Reached skill level 24 in Dodging
 56285 | Zot:5    | Entered Level 5 of the Realm of Zot
 56295 | Zot:5    | Noticed an orb of fire
 56305 | Zot:5    | Gained mutation: You are occasionally teleported next to
                  | monsters. [an orb of fire]
 56308 | Zot:5    | Killed an orb of fire
 56310 | Zot:5    | Lost mutation: You are dopey. (Int -2) [potion of mutation]
 56310 | Zot:5    | Lost mutation: You are partially covered in iridescent
                  | scales. (AC +2) [potion of mutation]
 56310 | Zot:5    | Lost mutation: You are occasionally teleported next to
                  | monsters. [potion of mutation]
 56310 | Zot:5    | Gained mutation: Your muscles are strong. (Str +4, Int/Dex
                  | -1) [potion of mutation]
 56310 | Zot:5    | Gained mutation: Your system is resistant to poisons.
                  | (rPois) [potion of mutation]
 56679 | Zot:5    | Noticed an ancient lich
 56684 | Zot:5    | Killed an ancient lich
 56691 | Zot:5    | Noticed an orb of fire
 56693 | Zot:5    | Gained mutation: Your body sometimes deteriorates upon
                  | taking damage. [an orb of fire]
 56698 | Zot:5    | Killed an orb of fire
 56699 | Zot:5    | Noticed an orb of fire
 56702 | Zot:5    | Killed an orb of fire
 56805 | Zot:5    | Noticed an ancient lich
 56822 | Zot:5    | Killed an ancient lich
 56885 | Zot:5    | Noticed an orb of fire
 57105 | Zot:5    | Reached skill level 25 in Dodging
 57117 | Zot:5    | Noticed an orb of fire
 57121 | Zot:5    | Killed an orb of fire
 57123 | Zot:5    | Noticed an orb of fire
 57144 | Zot:5    | Killed an orb of fire
 57222 | Zot:5    | Got the Orb of Zot
 57431 | Depths:4 | Noticed a juggernaut
 57633 | D:8      | Noticed Mybuconn the pandemonium lord
 57735 | D:1      | Noticed Goazec the pandemonium lord
 57744 | D:1      | Killed Goazec the pandemonium lord
 57768 | D:$      | Escaped with the Orb!

Illustrated notes

Levels and vault maps discovered:
D:1:      dpeg_arrival_orchard, layout_basic
D:2:      layout_loops_ring
D:3:      layout_basic, nicolae_dithmenos_the_darkroom,
          hellmonk_ecumenical_altar_pennies_from_heaven
D:4:      layout_rooms, slow_altar_2, mainiacjoe_overflow_concentric_impassable,
          nicolae_uskayaw_murder_on_the_dancefloor, general_overflow_altar,
          nicolae_qazlal_style_of_elements, nicolae_overflow_crystal_walls,
          mainiacjoe_overflow_chevrons, cheibrodos_sewer_entry_sluice,
          kennysheep_path_1, st_stairs_8, hangedman_decor_points, uniq_ijyb,
          uniq_sigmund, uniq_natasha
D:5:      layout_basic, minmay_gold_behind_fungi, grunt_ministairs_10,
          kennysheep_generic_room_10, uniq_prince_ribbit1
D:6:      layout_rooms, fiery_altar_vehumet, minmay_temple_entry_mist,
          ebering_ghost_inner_flame, minmay_misc_feat_secret_circle,
          minmay_misc_feat_square, abandoned_shop, minmay_splitting_lines,
          uniq_edmund
D:7:      layout_basic, mainiacjoe_overflow_boulevard, uniq_maggie
D:8:      cheibrodos_ideogram_h, layout_basic, enter_bailey_6,
          kennysheep_windowed_goal
D:9:      layout_cave_pools, david_orc_1_choice, bh_walls_and_bars
D:10:     layout_loops_ring, nemelex_diamond_rough_becter
D:11:     layout_loops_corners, grunt_lair_entry_orc_guard_hut
D:12:     layout_basic
D:13:     minmay_gate_of_8, layout_gridville, david_vaults_3, special_room
          [special_room_orc]
D:14:     layout_roguey, nicolae_benzene_ring, eino_tiny_chamber, uniq_frances
D:15:     grunt_enter_depths_hoard, layout_rooms, nicolae_eternal_life,
          trog_butcher_becter
Lair:1:   layout_cellular_growth, uniq_amaemon
Lair:2:   layout_chaotic_city, spider_nest_entry_funnel_web,
          infiniplex_staircase_pool_2, serial_bayou_shore_b,
          serial_bayou_shore_a, grunt_megastairs_1
Lair:3:   layout_long_grid, minmay_shoals_entry_lonely_mermaid,
          lemuel_fruit_tree, infiniplex_staircase_pool
Lair:4:   layout_gridlike, minmay_slime_entry_oklob_open, serial_bayou_shore_b,
          grunt_megastairs_5
Lair:5:   minmay_lair_end_enchanted_forest, layout_loops_ring,
          nicolae_quartered_pool_medium, uniq_sonja
Shoals:1: layout_shoals, serial_shops, shop, uniq_roxanne
Shoals:2: layout_shoals, nicolae_shoals_lost_giant_pillars,
          nicolae_shoals_water_shrine
Shoals:3: layout_shoals, serial_shops, shop_fountains, uniq_polyphemus
Shoals:4: shoals_end_hangedman, layout_shoals, nicolae_specific_store
Spider:1: layout_chambers, uniq_aizul
Spider:2: layout_spider_delve, uniq_jorgrun
Spider:3: layout_spider_delve, drop_trap, uniq_mlioglotl
Spider:4: spider_rune_water, nicolae_looking_at_the_future
Orc:1:    layout_diamond_mine, rock_pile
Orc:2:    st_orc_ogre_mass, layout_diamond_mine, nicolae_orc_bridge_out
Elf:1:    nicolae_elf_arrival_no_cutting_in_line, layout_loops_cross,
          mu_enter_wizlab_1, minmay_elf_sorcery
Elf:2:    nicolae_elf_blades_splatter_lattice
          [nicolae_blade_entry_diamond_columns], layout_loops_ring,
          serial_shops, nicolae_lakefront_shop, portal_ice_cave_entry_pillars_2,
          drop_trap, minmay_shop_enchanted_jewellery, sword_in_stone
Elf:3:    minmay_elf_hall_not_hex, layout_gridlike, serial_shops, shop_statue,
          shop, shop, nicolae_square_shop, grunt_megastairs_2
Vaults:1: v_misc_5, nicolae_vaults_theta, st_squares, v_misc_12,
          ontoclasm_vaults_shuriken, grunt_vaults_twisty,
          nicolae_vaults_specimen_jars, vaults_standard_mumra_x,
          ontoclasm_vaults_bender, layout_vaults_omnicross
Vaults:2: v_misc_33, hangedman_vaults_stream, vaults_dpeg_hooks,
          nicolae_vaults_mini_display_case, grunt_vaults_trifunnel,
          nicolae_vaults_three_branches, vaults_dpeg_spiral,
          hangedman_vaults_river_flow, vaults_room_semicircle,
          minmay_crypt_entry_nasty_monster, v_misc_14,
          nicolae_vaults_diagonal_hallway_8, layout_vaults_omnibox,
          serial_glass, uniq_asterion, uniq_frederick, uniq_mara, uniq_boris
Vaults:3: grunt_vaults_bifocal, ontoclasm_vaults_pinch, v_misc_30,
          nicolae_vaults_circle_grid_a, v_alt_pattern_3,
          grunt_vaults_hallway_long, nicolae_vaults_yaktaur_gun_rack,
          ontoclasm_vaults_idyll, vaults_room_door_hall,
          ontoclasm_vaults_ring_small, layout_vaults_ring, serial_shops,
          bzr_entry_safe, shop, shop
Vaults:4: gammafunk_ghost_cemetery, v_pattern_5, nicolae_vaults_circle_grid_b,
          v_alt_pattern_2, vaults_dpeg_cross, v_misc_32, v_misc_26,
          hangedman_vaults_nails, ontoclasm_vaults_fault,
          layout_vaults_chaotic_city, serial_shops,
          nicolae_shop_overgrown_old_shop
Vaults:5
Crypt:1:  layout_basic
Crypt:2:  layout_catacombs, gammafunk_ghost_split
Crypt:3:  lightli_unholy_cathedral, layout_chaotic_city,
          tomb_entry_sphere_bobbens, ebering_ghost_rock_garden, uniq_mennas
Depths:1: layout_cave_shapes, grunt_hell_entry_dis_grunt,
          cheibrodos_ashenzari_chains, kennysheep_small_square
Depths:2: minmay_the_grid_triangle_9x9_rhombus_thin_mashed
          [minmay_the_grid_triangle_9x9_pentomino_pain,
          minmay_the_grid_triangle_9x9_prize_center,
          minmay_the_grid_triangle_9x9_tough_junction,
          minmay_the_grid_triangle_9x9_zippers_horizontal], layout_gridlike,
          serial_shops, nicolae_diamond_shop, nicolae_shop_stone, shop,
          nicolae_shop_trees, nicolae_diamond_shop, grunt_pan_entry_sceptre,
          chequers_serial_rivers_small_b, hell_entry
Depths:3: abrahamwl_protected_by_tso_3, layout_basic,
          nicolae_hell_entry_big_baal_hell, abyss_entry_crystal,
          nicolae_blasting_shop, yredelemnul_altar_generic,
          infiniplex_staircase_door_maze
Depths:4: grunt_x_marks_the_spot, layout_small_grid, enter_ziggurat_b,
          nicolae_abyss_entry_one_way_or_another, pf_hell_entry_tar_spiral,
          nicolae_hepliaklqana_hazy_memory, grunt_decor_resistance
Zot:1:    layout_twisted_circle
Zot:2:    infiniplex_zot_generator, layout_cellular_growth
Zot:3:    layout_misc_corridors
Zot:4:    layout_misc_corridors, uniq_parghit
Zot:5:    layout_cathedral_of_symmetry

Skill      XL: |  1  2  3  4  5  6  7  8  9 10 11 12 13 14 15 16 17 18 19 20 21 22 23 24 25 26 27 |
---------------+----------------------------------------------------------------------------------+-----
Stealth        | 1 2 3 4 8 9 |  9.2
Ranged Weapons | 4 5 6 8 10 11 12 13 14 15 16 18 19 20 | 20.5
Dodging        | 2 3 4 5 6 7 8 10 11 13 16 18 21 25 | 25.2
Fighting       | 3 4 5 7 8 10 12 13 14 15 16 17 18 20 21 | 21.1
Evocations     | 4 5 6 9 10 | 10.4
Invocations    | 5 9 12 14 16 | 16.4
Transmutations | 4 6 8 |  8.7
Armour         | 2 5 13 14 | 14.1
Shields        | 5 12 15 16 | 16.1

Action                   |  1- 3 |  4- 6 |  7- 9 | 10-12 | 13-15 | 16-18 | 19-21 | 22-24 | 25-27 || total
-------------------------+-------+-------+-------+-------+-------+-------+-------+-------+-------++-------
Melee: Dagger            |       |    39 |       |     2 |       |       |       |       |       ||    41
       Kick              |       |    15 |       |     1 |       |     1 |     7 |       |       ||    24
       Punch             |       |     1 |       |       |       |       |       |       |       ||     1
       Headbutt          |       |       |       |     1 |       |       |     5 |       |       ||     6
       Unarmed           |       |       |       |     4 |       |       |     6 |       |       ||    10
       Arbalest          |       |       |       |       |     2 |     1 |     8 |       |       ||    11
 Fire: Shortbow          |   130 |   161 |    21 |       |       |       |       |       |       ||   312
       Sling             |       |       |   299 |  1068 |   829 |       |       |       |       ||  2196
       Arbalest          |       |       |       |       |   432 |   704 |   917 |       |       ||  2053
       Triple crossbow   |       |       |       |       |       |   216 |       |       |       ||   216
       Hand crossbow     |       |       |       |       |       |       |   443 |  1046 |  1087 ||  2576
 Cast: Wereblood         |       |       |       |       |     8 |    10 |    26 |    23 |    12 ||    79
Invok: Shadow Form       |       |       |       |       |     1 |     7 |       |       |     1 ||     9
 Abil: Hurl Damnation    |       |       |       |       |       |       |       |       |    20 ||    20
Evoke: Wand              |       |       |    17 |    19 |     4 |     2 |     3 |    11 |     4 ||    60
       Tin of tremorston |       |       |       |       |     7 |     7 |    11 |     2 |     7 ||    34
       Condenser vane    |       |       |       |       |     3 |     4 |     5 |     2 |     5 ||    19
       Phantom mirror    |       |       |       |       |     1 |     2 |     2 |     1 |     2 ||     8
       Box of beasts     |       |       |       |       |       |     2 |     2 |     1 |     4 ||     9
  Use: Scroll            |       |    13 |     7 |     7 |    20 |    18 |    15 |     6 |    10 ||    96
       Potion            |       |     2 |       |     2 |     1 |    17 |     4 |     7 |    10 ||    43
 Stab: Paralysed         |       |       |       |     2 |       |       |       |       |       ||     2
Armor: Leather armour    |    26 |    26 |     6 |       |       |       |       |       |       ||    58
       Acid dragon scale |       |       |     5 |       |       |       |       |       |       ||     5
       Steam dragon scal |       |       |       |     8 |       |       |       |       |       ||     8
       Troll leather arm |       |       |       |    18 |   180 |    88 |   116 |   100 |   101 ||   603
Dodge: Dodged            |    57 |    58 |    84 |   192 |   813 |   633 |  1199 |   677 |   967 ||  4680
Block: Other             |       |       |       |       |       |    20 |   132 |       |       ||   152
       Reflection        |       |       |       |       |       |    11 |    47 |    17 |    32 ||   107
       Buckler           |       |       |       |       |       |       |   181 |       |       ||   181
       Kite shield       |       |       |       |       |       |       |   189 |   943 |  1042 ||  2174

Table legend: (Time is in decaauts)
 A = Elapsed time spent in this place.
 B = Non-inter-level travel time spent in this place.
 C = Inter-level travel time spent in this place.
 D = Time resting spent in this place.
 E = Time spent auto-exploring this place.
 F = Levels seen in this place.
 G = Mean time per level.
                   A        B        C        D        E       F      G
               +--------+--------+--------+--------+--------+-----+--------+
         Total |  59475 |  53582 |   5893 |   1496 |  37806 |  59 | 1008.1 |
       Dungeon |  15265 |  13563 |   1702 |    412 |  10345 |  15 | 1017.7 |
          Lair |   5713 |   4846 |    867 |    551 |   3307 |   5 | 1142.6 |
        Shoals |   3234 |   3087 |    147 |      0 |   2300 |   4 |  808.5 |
   Spider Nest |   5081 |   4630 |    451 |    156 |   3331 |   4 | 1270.2 |
  Orcish Mines |   1438 |   1080 |    358 |      0 |    746 |   2 |  719.0 |
   Elven Halls |   3451 |   3275 |    176 |     11 |   2233 |   3 | 1150.3 |
        Vaults |   8022 |   6752 |   1270 |      5 |   4780 |   5 | 1604.4 |
         Crypt |   3252 |   3135 |    117 |     73 |   2194 |   3 | 1084.0 |
        Depths |   4437 |   3948 |    489 |     14 |   2920 |   4 | 1109.2 |
           Zot |   4891 |   4579 |    312 |    221 |   2611 |   5 |  978.2 |
         Abyss |   1150 |   1150 |      0 |     41 |    519 |   4 |  287.5 |
        Bazaar |     92 |     92 |      0 |      0 |     80 |   1 |   92.0 |
         Sewer |    235 |    235 |      0 |      0 |    184 |   1 |  235.0 |
        Bailey |    769 |    769 |      0 |      0 |    616 |   1 |  769.0 |
      Ice Cave |    436 |    436 |      0 |      0 |    183 |   1 |  436.0 |
        Wizlab |   2004 |   2004 |      0 |      9 |   1455 |   1 | 2004.0 |
               +--------+--------+--------+--------+--------+-----+--------+

Top non-repeatable levels by time:
  WizLab: 2004 daAuts
Vaults:2: 1824 daAuts
Vaults:5: 1810 daAuts
Spider:1: 1696 daAuts
Spider:4: 1657 daAuts
Vaults:4: 1583 daAuts
  Lair:3: 1548 daAuts
Vaults:3: 1498 daAuts
    D:11: 1407 daAuts
     D:8: 1397 daAuts
   Zot:2: 1390 daAuts
 Crypt:2: 1333 daAuts
Vaults:1: 1305 daAuts
Depths:3: 1281 daAuts
   Zot:1: 1207 daAuts
